 Dungeon Crawl Stone Soup version 0.29.1-12-g30fa7ad0bf (webtiles) character file.

Game seed: 2734784421388299783

75 GigaChad the Covered (level 4, -2/40 HPs)
             Began as a Minotaur Fighter on Jan 6, 2023.
             Killed from afar by Sigmund (8 damage)
             ... with a puff of flame
             ... on level 2 of the Dungeon on Jan 10, 2023.
             The game lasted 00:05:03 (1693 turns).

GigaChad the Covered (Minotaur Fighter)             Turns: 1693, Time: 00:05:03

Health: -2/40      AC:  7    Str: 23    XL:     4   Next: 11%
Magic:  3/3        EV:  9    Int:  5    God:
Gold:   83         SH:  4    Dex:  9    Spells: 3/3 levels left

rFire   . . .      SeeInvis .   a - +0 war axe
rCold   . . .      Faith    .   c - +0 buckler
rNeg    . . .      Spirit   .   b - +0 scale mail
rPois   .          Reflect  .   (helmet restricted)
rElec   .          Harm     .   (no cloak)
rCorr   .          Rampage  .   (no gloves)
Will    .....                   (no boots)
Stlth   ..........              (no amulet)
HPRegen 0.13/turn               (no ring)
MPRegen 0.08/turn               (no ring)

@: no status effects
A: horns 2, retaliatory headbutt
a: no special abilities


You were on level 2 of the Dungeon.
You visited 1 branch of the dungeon, and saw 2 of its levels.

You collected 83 gold pieces.

Inventory:

Hand Weapons
 a - a +0 war axe (weapon)
Armour
 b - a +0 scale mail (worn)
 c - a +0 buckler (worn)
Scrolls
 e - 2 scrolls of poison {unknown}
 f - a scroll of fear {unknown}
 g - 2 scrolls of magic mapping {unknown}
 k - 2 scrolls of identify {unknown}
Potions
 d - 2 potions of might
 h - a potion of ambrosia {unknown}
 i - 2 potions of curing {unknown}
 j - a potion of invisibility {unknown}


   Skills:
 + Level 4.2 Fighting
 * Level 3.7 Axes
 + Level 4.5 Armour
 + Level 4.0 Shields


You had 3 spell levels left.
You didn't know any spells.
Your spell library contained the following spells:

 Spells                   Type           Power      Damage    Failure   Level
 Necrotise                Necr           0%         1d4       86%         1
 Vampiric Draining        Necr           0%         2d6       99%         3
 Agony                    Necr           0%         N/A       100%        5


Dungeon Overview and Level Annotations

Branches:
Dungeon (2/15)

Altars:

Annotations:
D:2 Sigmund


Innate Abilities, Weirdness & Mutations

You have a pair of horns on your head.
You reflexively headbutt those who attack you in melee.


Message History

Sigmund is nearby!
Sigmund hits you from afar with a +0 scythe!
Sigmund barely misses you. You furiously retaliate!
You headbutt Sigmund. You closely miss Sigmund.
Sigmund is lightly wounded.
Sigmund gestures at you while chanting. You resist with some effort.
You closely miss Sigmund.
Sigmund is lightly wounded.
Sigmund hits you with a +0 scythe.
You hit Sigmund but do no damage.
Sigmund is lightly wounded.
Sigmund hits you with a +0 scythe.
You barely miss Sigmund. Your headbutt misses Sigmund.
Sigmund is lightly wounded.
You hit Sigmund but do no damage.
Sigmund is lightly wounded.
Sigmund gestures at you while chanting.
The magic dart hits you but does no damage.
Sigmund hits you with a +0 scythe!
You completely miss Sigmund.
Sigmund is lightly wounded.
Sigmund hits you with a +0 scythe.
You barely miss Sigmund.
Sigmund is lightly wounded.
You hit Sigmund.
Sigmund is lightly wounded.
Sigmund says, "Don't worry, I'll kill you fast."
Sigmund hits you with a +0 scythe!
* * * LOW HITPOINT WARNING * * *
An adder comes into view.
The adder hisses angrily.
You slash Sigmund! You headbutt Sigmund!
Sigmund is severely wounded.
Sigmund misses you.
You completely miss Sigmund.
Sigmund is severely wounded.
Sigmund casts a spell at you. The puff of flame hits you!
You die...

....##.≈~≈≈≈~~~≈.##......########
###################.##...........
#.............. ###
#>######.###### #.# #.# #.# #.#
#.# #.# #.# #.# #.# #.#
##########.# #.# #.# ...S..@@...#
#.# #.# ############ #.# ###.#
#.......# #.# #...# #.#####.# #.#
#.### #.# #.########.# #.# #.#
#..........# #.# #.# ############
###.#######.# .........<.<#


You could see Sigmund and an adder.

Vanquished Creatures
  2 adders (D:2)
  A dart slug (D:1)
  A bat (D:2)
  8 endoplasms
  4 giant cockroaches
  2 goblins
  6 hobgoblins
  4 jackals (D:1)
  3 quokkas
  A ball python (D:1)
  3 frilled lizards
  8 kobolds
  5 rats
48 creatures vanquished.

Notes
Turn   | Place    | Note
-------+----------+-------------------------------------------
     0 | D:1      | GigaChad the Minotaur Fighter began the quest for the Orb.
     0 | D:1      | Reached XP level 1. HP: 19/19 MP: 0/0
    54 | D:1      | Reached XP level 2. HP: 27/27 MP: 1/1
   619 | D:1      | Found a faded altar of an unknown god.
   626 | D:1      | Reached XP level 3. HP: 33/33 MP: 2/2
  1463 | D:2      | Reached XP level 4. HP: 38/40 MP: 3/3
  1679 | D:2      | Noticed Sigmund
  1693 | D:2      | Killed from afar by Sigmund

Illustrated notes

Levels and vault maps discovered:
D:1:      tarquinn_simple_flora_water_a, layout_loops_cross,
          shapermc_ecumenical_altar_venn, minmay_parallelograms
D:2:      minmay_kobold_bridge, layout_loops_ring, uniq_sigmund

Skill      XL: |  1  2  3 |
---------------+----------+-----
Armour         | 4 |  4.5
Fighting       | 4 |  4.2
Axes           | 3 |  3.7
Shields        | 4 |  4.0

Action                   |  1- 3 |  4- 6 || total
-------------------------+-------+-------++-------
Melee: War axe           |    81 |    23 ||   104
       Headbutt          |    11 |     2 ||    13
Armor: Scale mail        |    43 |     6 ||    49
Dodge: Dodged            |    32 |     9 ||    41
Block: Buckler           |    17 |     1 ||    18
